 Dungeon Crawl Stone Soup version 0.30.1-11-g7821555f0a (webtiles) character file.

Game seed: 14959789033158502221

54 BoneyBoi1234 the Trooper (level 3, -1/33 HPs)
             Began as a Minotaur Fighter on Nov 6, 2023.
             Slain by Natasha (3 damage)
             ... on level 2 of the Dungeon.
             The game lasted 00:03:27 (1111 turns).

BoneyBoi1234 the Trooper (Minotaur Fighter)         Turns: 1111, Time: 00:03:28

Health: -1/33      AC:  8    Str: 22    XL:     3   Next: 66%
Magic:  2/2        EV:  9    Int:  5    God:
Gold:   76         SH:  8    Dex:  9    Spells: 2/2 levels left

rFire   . . .        a - +0 war axe
rCold   . . .        f - +0 kite shield
rNeg    . . .        h - +1 ring mail {Will+}
rPois   .            (helmet restricted)
rElec   .            (no cloak)
rCorr   .            (no gloves)
SInv    .            k - +0 pair of boots
Will    +....        (no amulet) Stlth
                     (no ring)
HPRegen 0.25/turn    (no ring)
MPRegen 0.08/turn

%: no passive effects
@: mighty, slowed, very slow
A: horns 2, retaliatory headbutt
a: no special abilities


You were on level 2 of the Dungeon.
You visited 1 branch of the dungeon, and saw 2 of its levels.

You collected 76 gold pieces.

Inventory:

Hand Weapons
 a - a +0 war axe (weapon)
Armour
 b - a +0 scale mail
 c - a +0 buckler
 f - a +0 kite shield (worn)
 h - a +1 ring mail of willpower (worn)
 k - a +0 pair of boots (worn)
Scrolls
 g - 4 scrolls of poison
 i - a scroll of fear
 j - a scroll of fog
 l - a scroll of enchant weapon {unknown}
 m - a scroll of immolation {unknown}
Potions
 d - a potion of might
 e - a potion of magic


   Skills:
 + Level 4.2 Fighting
 + Level 3.4 Axes
 + Level 4.1 Armour
 * Level 4.2 Shields


You had 2 spell levels left.
You didn't know any spells.
Your spell library contained the following spells:

 Spells                   Type           Power      Damage    Failure   Level
 Call Canine Familiar     Summ           0%         N/A       99%         3
 Portal Projectile        Hex/Tloc       0%         N/A       99%         3
 Leda's Liquefaction      Hex/Erth       0%         N/A       100%        4


Dungeon Overview and Level Annotations

Branches:
Dungeon (2/15)

Altars:

Annotations:
D:2 Natasha


Innate Abilities, Weirdness & Mutations

You have a pair of horns on your head.
You reflexively headbutt those who attack you in melee.


Message History

You hit Natasha but do no damage. You block Natasha's attack.
You hit Natasha. You headbutt Natasha!
Natasha is heavily wounded.
Natasha casts a spell.
You hit Natasha but do no damage.
Natasha is heavily wounded.
You block Natasha's attack. Natasha claws you but does no damage.
You hit Natasha.
Natasha is heavily wounded.
You block the cerulean imp's attack. Natasha claws you.
The cerulean imp hits you from afar with a +2 spear.
You barely miss Natasha. Your headbutt misses Natasha.
Natasha is heavily wounded.
Natasha claws you but does no damage.
The cerulean imp hits you from afar with a +2 spear.
Natasha barely misses you.
You closely miss Natasha.
Natasha is heavily wounded.
The cerulean imp hits you from afar with a +2 spear.
You block Natasha's attack.
The cerulean imp hits you from afar with a +2 spear.
You feel very mighty all of a sudden.
Natasha mumbles some strange words.
You feel troubled. Natasha barely misses you.
The cerulean imp hits you from afar with a +2 spear.
You hit Natasha but do no damage.
Natasha is heavily wounded.
Natasha claws you!
* * * LOW HITPOINT WARNING * * *
The cerulean imp hits you from afar with a +2 spear.
* * * LOW HITPOINT WARNING * * *
Natasha casts a spell at you.
You feel yourself slow down.
You miss Natasha.
Natasha is heavily wounded.
The cerulean imp hits you from afar with a +2 spear.
* * * LOW HITPOINT WARNING * * *
Natasha claws you.
You die...

..##...####.#.#......#
..##.#+# ###....†#...#
..##.#.###.###..)....#
#....#.##)#....#.....#
.......######.#...#..#
.......# ###.#..#....#
.......# #..#........#
.......# ###.........#
.......# #####@#...#
##.....# #....h...##
#......# #).#...5...#
#......# #.#..#...#
'......# # .#. .#.#
#......# ...# ...#
#......# ## . .. #
#......# .. #..
'.>....#


You could see Natasha and a cerulean imp (summoned).

Vanquished Creatures
  2 worms (D:2)
  4 bats
  3 endoplasms
  6 giant cockroaches
  4 goblins (D:1)
  4 hobgoblins
  2 jackals (D:1)
  5 kobolds
  3 quokkas
  6 ball pythons
  3 frilled lizards
  A rat (D:1)
43 creatures vanquished.

Notes
Turn   | Place    | Note
-------+----------+-------------------------------------------
     0 | D:1      | BoneyBoi1234 the Minotaur Fighter began the quest for the
                  | Orb.
     0 | D:1      | Reached XP level 1. HP: 19/19 MP: 0/0
   100 | D:1      | Reached XP level 2. HP: 27/27 MP: 1/1
   120 | D:1      | Found a faded altar of an unknown god.
   288 | D:1      | Reached XP level 3. HP: 33/33 MP: 2/2
  1091 | D:2      | Identified the +5 short sword "Urast" {holy, *Corrode rF+
                  | Int+8 Dex+3}
  1099 | D:2      | Noticed Natasha
  1111 | D:2      | Slain by Natasha

Illustrated notes

Levels and vault maps discovered:
D:1:      elethiomel_arrival_quiet, layout_rooms,
          chequers_ecumenical_altar_island
D:2:      layout_basic, minmay_increasing_density, uniq_natasha

Skill      XL: |  1  2 |
---------------+-------+-----
Axes           | 3 |  3.4
Fighting       | 4 |  4.2
Armour         | 4 |  4.1
Shields        | 4 |  4.2

Action                     || total
---------------------------++-------
  Melee: War axe           ||    86
         Headbutt          ||     7
    Use: Scroll            ||     4
         Potion            ||     1
 Armour: Scale mail        ||    24
         Ring mail         ||    11
  Dodge: Dodged            ||    39
  Block: Buckler           ||    12
         Kite shield       ||    18
